MID
WISCONSIN TIMBER RATTLERS @ GREENSBORO GRASSHOPPERS
08/20/2049
 
TOP OF THE 1ST
Wisconsin Timber Rattlers batting - Pitching for Greensboro Grasshoppers : RHP Rodolfo Mendez
Pitching: RHP Rodolfo Mendez
Batting: SHB Sam Bingham 0-0: Foul Ball, location: 2F
0-1: Fly out, F8 (Line Drive, 8LD, EV 85.6 MPH)
Batting: LHB John Fortin 0-0: Ball
1-0: Ball
2-0: Swinging Strike
2-1: Called Strike
2-2: Strikes out swinging
Batting: LHB Karel Hort 0-0: Ball
1-0: Ball
2-0: Ball
3-0: Base on Balls
Batting: LHB Fumito Sakurai Balk!
Karel Hort to second
0-0: Ball
1-0: Swinging Strike
1-1: Swinging Strike
1-2: Strikes out swinging
Top of the 1st over - 0 runs, 0 hits, 0 errors, 1 left on base; Wisconsin 0 - Greensboro 0
BOTTOM OF THE 1ST
Greensboro Grasshoppers batting - Pitching for Wisconsin Timber Rattlers : LHP Sam Glaser
Pitching: LHP Sam Glaser
Batting: RHB Tom Thompson 0-0: Called Strike
0-1: Ball
1-1: Called Strike
1-2: Foul Ball, location: 2F
1-2: Strikes out swinging
Batting: RHB Alberto Bravo 0-0: Called Strike
0-1: Ball
1-1: Called Strike
1-2: Foul Ball, location: 2F
1-2: Foul Ball, location: 2F
1-2: Foul Ball, location: 2F
1-2: Ball
2-2: Foul Ball, location: 2F
2-2: TRIPLE (Flyball, 8LD, EV 101.9 MPH)
Batting: RHB Miguel Velasco 0-0: Called Strike
0-1: Ground out 4-3 (Groundball, 4S, EV 80.6 MPH)
Alberto Bravo scores
Batting: RHB Nate Crofts 0-0: Ball
1-0: Fly out, F9 (Flyball, 89S, EV 89.4 MPH)
Bottom of the 1st over - 1 run, 1 hit, 0 errors, 0 left on base; Wisconsin 0 - Greensboro 1
TOP OF THE 2ND
Wisconsin Timber Rattlers batting - Pitching for Greensboro Grasshoppers : RHP Rodolfo Mendez
Batting: RHB Ryan Miller 0-0: Swinging Strike
0-1: Called Strike
0-2: Strikes out swinging
Batting: RHB Curtis Montgomery 0-0: Called Strike
0-1: Called Strike
0-2: Ground out 6-3 (Groundball, 6, EV 102.5 MPH)
Batting: RHB Tony Beaumond 0-0: Ball
1-0: Called Strike
1-1: Fly out, F8 (Flyball, 8LM, EV 84.4 MPH)
Top of the 2nd over - 0 runs, 0 hits, 0 errors, 0 left on base; Wisconsin 0 - Greensboro 1
BOTTOM OF THE 2ND
Greensboro Grasshoppers batting - Pitching for Wisconsin Timber Rattlers : LHP Sam Glaser
Batting: RHB J.D. Vander Klok 0-0: Called Strike
0-1: Ball
1-1: SINGLE (Flyball, 3D, EV 95.6 MPH)
Batting: LHB Justin Blakely 0-0: Foul Ball, location: 2F
0-1: Fly out, F9 (Flyball, 9D, EV 103.1 MPH)
Batting: LHB Angelo Estrella 0-0: Ball
1-0: Fielders Choice at 2nd, 5-4 (Groundball, 5, EV 85.6 MPH)
Batting: RHB Nick Dunton 0-0: Called Strike
0-1: SINGLE (Flyball, 78S, EV 88.8 MPH)
Angelo Estrella to second
Batting: LHB Jose Cabello 0-0: Ball
1-0: Ground out U3 (Groundball, 3L, EV 76.2 MPH)
Bottom of the 2nd over - 0 runs, 2 hits, 0 errors, 2 left on base; Wisconsin 0 - Greensboro 1
TOP OF THE 3RD
Wisconsin Timber Rattlers batting - Pitching for Greensboro Grasshoppers : RHP Rodolfo Mendez
Batting: SHB Robert Sayer 0-0: Fly out, F8 (Flyball, 8RD, EV 101.9 MPH)
Batting: RHB Juan Villanueva 0-0: Ball
1-0: Ground out 5-3 (Groundball, 5S, EV 68.1 MPH)
Batting: SHB Sam Bingham 0-0: Ball
1-0: Called Strike
1-1: Ball
2-1: Foul Ball, location: 2F
2-2: Ground out U3 (Groundball, 34, EV 104.4 MPH)
Top of the 3rd over - 0 runs, 0 hits, 0 errors, 0 left on base; Wisconsin 0 - Greensboro 1
BOTTOM OF THE 3RD
Greensboro Grasshoppers batting - Pitching for Wisconsin Timber Rattlers : LHP Sam Glaser
Batting: RHB Tom Thompson 0-0: Ball
1-0: Swinging Strike
1-1: Called Strike
1-2: Strikes out swinging
Batting: RHB Alberto Bravo 0-0: Ball
1-0: Ground out 6-3 (Groundball, 6, EV 85.6 MPH)
Batting: RHB Miguel Velasco 0-0: Ground out 6-3 (Groundball, 6, EV 91.9 MPH)
Bottom of the 3rd over - 0 runs, 0 hits, 0 errors, 0 left on base; Wisconsin 0 - Greensboro 1
TOP OF THE 4TH
Wisconsin Timber Rattlers batting - Pitching for Greensboro Grasshoppers : RHP Rodolfo Mendez
Batting: LHB John Fortin 0-0: Ball
1-0: Foul Ball, location: 2F
1-1: Ball
2-1: Ball
3-1: Fly out, F8 (Flyball, 8LXD, EV 93.8 MPH)
Batting: LHB Karel Hort 0-0: Called Strike
0-1: Called Strike
0-2: Foul Ball, location: 2F
0-2: Fly out, F6 (Popup, 6, EV 51.2 MPH)
Batting: LHB Fumito Sakurai 0-0: Ball
1-0: Fly out, F8 (Flyball, 8LM, EV 82.5 MPH)
Top of the 4th over - 0 runs, 0 hits, 0 errors, 0 left on base; Wisconsin 0 - Greensboro 1
BOTTOM OF THE 4TH
Greensboro Grasshoppers batting - Pitching for Wisconsin Timber Rattlers : LHP Sam Glaser
Batting: RHB Nate Crofts 0-0: Fly out, F8 (Line Drive, 8RD, EV 88.1 MPH)
Batting: RHB J.D. Vander Klok 0-0: Ball
1-0: Fly out, F8 (Flyball, 78XD, EV 91.9 MPH)
Batting: LHB Justin Blakely 0-0: Fly out, F8 (Flyball, 8LS, EV 96.2 MPH)
Bottom of the 4th over - 0 runs, 0 hits, 0 errors, 0 left on base; Wisconsin 0 - Greensboro 1
TOP OF THE 5TH
Wisconsin Timber Rattlers batting - Pitching for Greensboro Grasshoppers : RHP Rodolfo Mendez
Batting: RHB Ryan Miller 0-0: Foul Ball, location: 2F
0-1: DOUBLE (Line Drive, 78D, EV 102.5 MPH)
Batting: RHB Curtis Montgomery 0-0: Ball
1-0: Foul Ball, location: 2F
1-1: Called Strike
1-2: Ground out 4-3 (Groundball, 4, EV 89.4 MPH)
Ryan Miller to third
Batting: RHB Tony Beaumond 0-0: Ground out 6-3 (Groundball, 6, EV 83.1 MPH)
Ryan Miller scores
Batting: SHB Robert Sayer 0-0: Ball
1-0: Called Strike
1-1: Called Strike
1-2: Foul Ball, location: 2F
1-2: Ball
2-2: SINGLE (Line Drive, 56, EV 96.9 MPH)
Batting: RHB Juan Villanueva 0-0: Ball
1-0: Foul Ball, location: 2F
1-1: Called Strike
1-2: Strikes out swinging
Top of the 5th over - 1 run, 2 hits, 0 errors, 1 left on base; Wisconsin 1 - Greensboro 1
BOTTOM OF THE 5TH
Greensboro Grasshoppers batting - Pitching for Wisconsin Timber Rattlers : LHP Sam Glaser
Batting: LHB Angelo Estrella 0-0: Ball
1-0: Ground out 4-3 (Groundball, 4, EV 93.8 MPH)
Batting: RHB Nick Dunton 0-0: Ball
1-0: Called Strike
1-1: Ground out 4-3 (Groundball, 4MS, EV 64.4 MPH)
Batting: LHB Jose Cabello 0-0: Ball
1-0: Fly out, F6 (Popup, 6S, EV 73.1 MPH)
Bottom of the 5th over - 0 runs, 0 hits, 0 errors, 0 left on base; Wisconsin 1 - Greensboro 1
TOP OF THE 6TH
Wisconsin Timber Rattlers batting - Pitching for Greensboro Grasshoppers : RHP Rodolfo Mendez
Batting: SHB Sam Bingham 0-0: Ball
1-0: Ball
2-0: Ball
3-0: Base on Balls
Batting: LHB John Fortin 0-0: Ball
1-0: Ball
Wild Pitch!
Sam Bingham to second
2-0: Called Strike
2-1: 2-RUN HOME RUN (Flyball, 9LD, EV 92.5 MPH), Distance : 358 ft
Batting: LHB Karel Hort 0-0: Called Strike
0-1: Ball
1-1: Ball
2-1: Ground out 4-3 (Groundball, 4, EV 94.4 MPH)
Batting: LHB Fumito Sakurai 0-0: Called Strike
0-1: Swinging Strike
0-2: Ball
1-2: Ground out 6-3 (Groundball, 6, EV 108.1 MPH)
Batting: RHB Ryan Miller 0-0: SINGLE (Groundball, 34S, EV 66.2 MPH) (infield hit)
Batting: RHB Curtis Montgomery Pickoff Throw to First - Out! 1-3
Top of the 6th over - 2 runs, 2 hits, 0 errors, 0 left on base; Wisconsin 3 - Greensboro 1
BOTTOM OF THE 6TH
Greensboro Grasshoppers batting - Pitching for Wisconsin Timber Rattlers : LHP Sam Glaser
Batting: RHB Tom Thompson 0-0: Called Strike
0-1: Ball
1-1: Ball
2-1: Called Strike
2-2: Ball
3-2: Fly out, F7 (Flyball, 78S, EV 81.2 MPH)
Batting: RHB Alberto Bravo 0-0: SINGLE (Groundball, 5S, EV 75.6 MPH) (infield hit)
Batting: RHB Miguel Velasco 0-0: SINGLE (Line Drive, 89S, EV 103.1 MPH)
Alberto Bravo to second
Batting: RHB Nate Crofts 0-0: Ball
1-0: Grounds into double play, 6-4-3 (Groundball, 6, EV 80.6 MPH)
Bottom of the 6th over - 0 runs, 2 hits, 0 errors, 1 left on base; Wisconsin 3 - Greensboro 1
TOP OF THE 7TH
Wisconsin Timber Rattlers batting - Pitching for Greensboro Grasshoppers : RHP Rodolfo Mendez
Batting: RHB Curtis Montgomery 0-0: Fly out, F7 (Flyball, 7, EV 96.2 MPH)
Batting: RHB Tony Beaumond 0-0: Ball
1-0: Ball
2-0: Foul Ball, location: 2F
2-1: Ball
3-1: Base on Balls
Batting: SHB Robert Sayer 0-0: Ball
Tony Beaumond steals 2nd base
1-0: Called Strike
1-1: Ball
2-1: SINGLE (Groundball, 25, EV 66.9 MPH) (infield hit)
Tony Beaumond to third
Batting: RHB Juan Villanueva 0-0: Ball
1-0: Fly out, F9 (Flyball, 9S, EV 85.0 MPH)
Batting: SHB Sam Bingham 0-0: Ball
1-0: Ball
2-0: Ball
3-0: Called Strike
3-1: Foul Ball, location: 2F
3-2: Strikes out swinging
Top of the 7th over - 0 runs, 1 hit, 0 errors, 2 left on base; Wisconsin 3 - Greensboro 1
BOTTOM OF THE 7TH
Greensboro Grasshoppers batting - Pitching for Wisconsin Timber Rattlers : LHP Sam Glaser
Batting: RHB J.D. Vander Klok 0-0: Foul Ball, location: 2F
0-1: Called Strike
0-2: Strikes out swinging
Batting: LHB Justin Blakely 0-0: Ball
1-0: Foul Ball, location: 2F
1-1: Ground out 5-3 (Groundball, 5, EV 81.2 MPH)
Batting: LHB Angelo Estrella 0-0: Called Strike
0-1: Ball
1-1: Fly out, F7 (Line Drive, 7, EV 96.2 MPH)
Bottom of the 7th over - 0 runs, 0 hits, 0 errors, 0 left on base; Wisconsin 3 - Greensboro 1
TOP OF THE 8TH
Wisconsin Timber Rattlers batting - Pitching for Greensboro Grasshoppers : RHP Rodolfo Mendez
Batting: LHB John Fortin 0-0: Ball
1-0: DOUBLE (Flyball, 89D, EV 94.4 MPH)
Batting: LHB Karel Hort 0-0: Fly out, F2 (Popup, 2LF, EV 84.4 MPH)
Batting: LHB Fumito Sakurai 0-0: Ball
1-0: Ball
2-0: DOUBLE (Line Drive, 7LS, EV 100.0 MPH)
John Fortin scores
Batting: RHB Ryan Miller 0-0: Foul Ball, location: 2F
0-1: Ground out 6-3 (Groundball, 6, EV 106.2 MPH)
Batting: RHB Curtis Montgomery 0-0: Called Strike
0-1: Ball
1-1: Ball
2-1: Ball
3-1: Foul Ball, location: 2F
3-2: Foul Ball, location: 2F
3-2: Fly out, F9 (Line Drive, 9, EV 96.9 MPH)
Top of the 8th over - 1 run, 2 hits, 0 errors, 1 left on base; Wisconsin 4 - Greensboro 1
BOTTOM OF THE 8TH
Greensboro Grasshoppers batting - Pitching for Wisconsin Timber Rattlers : LHP Sam Glaser
Batting: RHB Nick Dunton 0-0: Ball
1-0: Swinging Strike
1-1: Swinging Strike
1-2: Strikes out swinging
Batting: LHB Jose Cabello 0-0: Swinging Strike
0-1: Fly out, F9 (Flyball, 9LS, EV 92.5 MPH)
Batting: RHB Tom Thompson 0-0: Ball
1-0: Ground out 5-3 (Groundball, 5, EV 85.6 MPH)
Bottom of the 8th over - 0 runs, 0 hits, 0 errors, 0 left on base; Wisconsin 4 - Greensboro 1
TOP OF THE 9TH
Wisconsin Timber Rattlers batting - Pitching for Greensboro Grasshoppers : RHP Rodolfo Mendez
Pitching: LHP Mike Wasson
Batting: RHB Tony Beaumond 0-0: Ball
1-0: Swinging Strike
1-1: Called Strike
1-2: Strikes out looking
Batting: SHB Robert Sayer 0-0: Called Strike
0-1: SINGLE (Line Drive, 4D, EV 96.9 MPH)
Batting: RHB Juan Villanueva 0-0: Ball
1-0: Called Strike
1-1: Swinging Strike
1-2: Ball
Robert Sayer is caught stealing 2nd base 2-4
2-2: Foul Ball, location: 2F
2-2: Foul Ball, location: 2F
2-2: Ball
3-2: Foul Ball, location: 2F
3-2: Base on Balls
Batting: SHB Sam Bingham 0-0: Called Strike
0-1: Ball
1-1: Ball
2-1: Ground out 4-3 (Groundball, 4, EV 81.9 MPH)
Top of the 9th over - 0 runs, 1 hit, 0 errors, 1 left on base; Wisconsin 4 - Greensboro 1
BOTTOM OF THE 9TH
Greensboro Grasshoppers batting - Pitching for Wisconsin Timber Rattlers : LHP Sam Glaser
Pitching: RHP Ernie Borden
Batting: RHB Alberto Bravo 0-0: Ball
1-0: Ground out 5-3 (Groundball, 5S, EV 89.4 MPH)
Batting: RHB Miguel Velasco 0-0: Ball
1-0: Fly out, F8 (Flyball, 89M, EV 88.1 MPH)
Batting: RHB Nate Crofts 0-0: Called Strike
0-1: Ball
1-1: Ball
2-1: Ball
3-1: Called Strike
3-2: Foul Ball, location: 2F
3-2: Fly out, F9 (Flyball, 89M, EV 85.6 MPH)
Bottom of the 9th over - 0 runs, 0 hits, 0 errors, 0 left on base; Wisconsin 4 - Greensboro 1
Sunday, July 16th , 2023 - OOTP Baseball 24.6 Build 69